 Dungeon Crawl Stone Soup version 0.17.1-1-g73c8601 (webtiles) character file.

1546 PossumBlood the Cleaver (level 9, 0/72 HPs)
             Began as a Formicid Fighter on Jan 7, 2016.
             Slain by an ogre
             ... wielding a +0 giant club
              (26 damage)
             ... on level 5 of the Dungeon.
             The game lasted 00:17:24 (4304 turns).

PossumBlood the Cleaver (Formicid Fighter)          Turns: 4304, Time: 00:17:24

Health: 0/72       AC: 11    Str: 25    XL:     9   Next: 11%
Magic:  9/9        EV:  5    Int: 10    God:
Gold:   291        SH: 10    Dex: 10    Spells: 0 memorised, 8 levels left

rFire  . . .     SeeInvis +     a - +1 war axe
rCold  . . .     Clarity  .     f - +0 plate armour
rNeg   . . .     SustAt   +     c - +1 shield
rPois  .         Gourm    .     (helmet unavailable)
rElec  .         Spirit   .     (no cloak)
rCorr  .         Warding  .     (no gloves)
rMut   .         Stasis   +     (no boots)
MR     .....                    (no amulet)
Stlth  ..........               t - ring of sustain attributes
                                k - +3 ring of intelligence

@: not resistant to hostile enchantments, extremely unstealthy
A: permanent stasis, dig shafts and tunnels, four strong arms, antennae 3
a: Dig, Shaft Self


You were on level 5 of the Dungeon.
You were not hungry.

You visited 1 branch of the dungeon, and saw 5 of its levels.
You also visited: Sewer.

You collected 291 gold pieces.

Inventory:

Hand Weapons
 a - a +1 war axe (weapon)
Missiles
 g - 8 tomahawks of returning (quivered)
Armour
 c - a +1 shield (worn)
 f - a +0 plate armour (worn)
Jewellery
 k - a +3 ring of intelligence (left hand)
 t - a ring of sustain attributes (right hand)
Scrolls
 b - a scroll of recharging
 j - 4 scrolls of remove curse
 m - a scroll of fear
 s - a scroll of fog
Potions
 d - a potion of haste
 h - a potion of invisibility
 i - a potion of mutation {unknown}
 l - 6 potions of heal wounds
 q - 3 potions of curing
 r - 4 potions of flight
 w - 4 potions of brilliance
 x - a potion of resistance {unknown}
 z - a potion of poison {unknown}
 A - a potion of agility
Comestibles
 e - 3 bread rations
 o - 2 meat rations


   Skills:
 - Level 7.0 Fighting
 * Level 9.3 Axes
 + Level 3.7 Armour
 - Level 3.6 Shields


You had 8 spell levels left.
You didn't know any spells.

Dungeon Overview and Level Annotations

Branches:
Dungeon (5/15)
 Temple: D:4-7

Altars:
Cheibriados


Innate Abilities, Weirdness & Mutations

You are under a permanent stasis effect.
You can dig through walls and to a lower floor.
Your four strong arms can wield two-handed weapons with a shield.
You have a pair of large antennae on your head (SInv).


Message History

You hit the ogre.
The ogre is moderately wounded.
The centaur shoots an arrow.
You block the arrow. The ogre hits you with a giant club!
You slash the ogre!
The ogre is severely wounded.
You closely miss the centaur. The ogre hits you with a giant club!!
The centaur unwields an uncursed shortbow.
You block the centaur's attack.
Your plate armour prevents you from hitting the ogre.
The ogre is heavily wounded.
You hit the centaur.
The centaur is moderately wounded.
The centaur hits you. The ogre hits you with a giant club!
* * * LOW HITPOINT WARNING * * *
The centaur barely misses you.
Drink which item? (? for menu, Esc to quit)
You feel better. You block the centaur's attack.
The ogre hits you with a giant club!!
You die...

...# ...# ......###
...# ...>..... ...#
.. #........ ..## .#
#......(. ..# ..#
##........ ..# #...#
##.........
..###...#
##..c.......
...#....# ##...@O#
........####(..(###
..............(##
..<..........(##
.....>........#
.............##
.....#.......######
....#####...........
....# ##..........


You could see an ogre and a centaur.

Vanquished Creatures
  The ghost of PossumBlood the Chopper, an amateur FoFi (D:4)
  An ice beast (D:4)
  The ghost of Mysteryquy the Slasher, an amateur HuFi (D:3)
  5 big kobolds
  An ogre (D:4)
  2 giant frogs
  2 scorpions (D:4)
  A crimson imp (D:4)
  2 orc priests
  A jelly (D:5)
  A hound (D:4)
  2 centaur skeletons
  3 orc wizards
  3 worker ants
  10 adders
  An ooze (Sewer)
  3 worms
  4 giant geckos (D:4)
  11 orcs
  7 ball pythons
  9 bats
  6 giant cockroaches
  7 hobgoblins
  17 jackals
  7 giant newts
  9 goblins
  16 kobolds
  A quokka (D:2)
  13 rats
147 creatures vanquished.

Notes
Turn   | Place    | Note
--------------------------------------------------------------
     0 | D:1      | PossumBlood the Formicid Fighter began the quest for the Orb.
     0 | D:1      | Reached XP level 1. HP: 18/18 MP: 1/1
   302 | D:1      | Reached XP level 2. HP: 24/24 MP: 2/2
   586 | D:2      | Reached XP level 3. HP: 9/30 MP: 3/3
  1030 | D:2      | Reached skill level 4 in Fighting
  1122 | D:2      | Reached XP level 4. HP: 37/37 MP: 4/4
  1801 | D:3      | Noticed Mysteryquy's ghost (amateur HuFi)
  1815 | D:3      | Killed Mysteryquy's ghost
  1815 | D:3      | Reached XP level 5. HP: 29/43 MP: 5/5
  1980 | D:3      | Noticed a big kobold
  2012 | D:3      | Killed a big kobold
  2012 | D:3      | Reached skill level 5 in Axes
  2012 | D:3      | Reached XP level 6. HP: 39/50 MP: 6/6
  2018 | D:3      | Reached skill level 5 in Fighting
  2232 | D:3      | Noticed a giant frog
  2249 | D:3      | Killed a giant frog
  2322 | D:3      | Reached XP level 7. HP: 14/56 MP: 7/7
  2561 | D:3      | Reached skill level 6 in Axes
  2725 | D:4      | Found a glowing drain.
  2737 | Sewer    | Entered a sewer
  3024 | Sewer    | Reached skill level 7 in Axes
  3060 | Sewer    | Reached XP level 8. HP: 59/64 MP: 8/8
  3331 | D:4      | Reached skill level 8 in Axes
  3356 | D:4      | Noticed PossumBlood's ghost (amateur FoFi)
  3365 | D:4      | Killed PossumBlood's ghost
  4118 | D:4      | Reached XP level 9. HP: 72/72 MP: 9/9
  4142 | D:5      | Entered Level 5 of the Dungeon
  4149 | D:5      | Reached skill level 9 in Axes
  4167 | D:5      | Found a snail-covered altar of Cheibriados.
  4304 | D:5      | Slain by an ogre

Action                   |  1- 3 |  4- 6 |  7- 9 || total
-------------------------+-------+-------+-------++-------
Melee: War axe           |    80 |   171 |   264 ||   515
 Abil: Dig               |       |     2 |       ||     2
  Use: Potion            |       |     1 |     7 ||     8
       Scroll            |       |       |    19 ||    19
  Eat: Meat ration       |     1 |       |       ||     1
       Bread ration      |       |       |     2 ||     2
